 Dungeon Sprint DCSS version 0.29-a0-1006-g0dd7720b37 (webtiles) character file.

Game seed: 10551948687345784847

1915 mhtbhm the Grappler (level 8, -5/80 HPs)
             Began as a Purple Draconian Transmuter on Aug 6, 2022.
             Was an Initiate of Gozag.
             Slain by an earth elemental (11 damage)
             ... in the Dungeon (Sprint III: "The Ten Rune Challenge").
             The game lasted 00:02:03 (1318 turns).

mhtbhm the Grappler (Purple Draconian Transmuter)   Turns: 1318, Time: 00:02:04

Health: -5/80      AC:  8    Str: 14    XL:     8   Next: 95%
Magic:  19/23      EV: 11    Int: 15    God:    Gozag
Gold:   466        SH:  0    Dex: 11    Spells: 19/29 levels left

rFire   x . .      SeeInvis .     - Unarmed
rCold   + + +      Faith    .   (shield currently unavailable)
rNeg    . . .      Spirit   .   (body armour unavailable)
rPois   +          Reflect  .   (helmet currently unavailable)
rElec   .          Harm     .   (cloak currently unavailable)
rCorr   .          Rampage  .   (gloves currently unavailable)
Will    +....      NoTele   +   (boots currently unavailable)
Stlth   ++........              (no amulet)
HPRegen 0.23/turn               (no ring)
MPRegen 0.18/turn               (no ring)

@: ice-form, wereblooded
A: freezing attack, amphibious, boosted hp, (breathe power), AC +6, large,
unfitting armour, (cold-blooded)
a: End Transformation, Renounce Religion, Potion Petition, Call Merchant, Bribe
Branch


You were in the Dungeon.
You worshipped Gozag.
Gozag was aware of your devotion.
You were a creature of crystalline ice.
You visited 1 branch You collected 466 gold pieces.

Inventory:

Wands
 p - a wand of paralysis (12)
Scrolls
 g - a scroll of blinking
 i - a scroll of poison {unknown}
 j - 2 scrolls of identify {unknown}
 m - a scroll of torment {unknown}
Potions
 a - a potion of lignification
 b - a potion of curing
 c - 2 potions of heal wounds
 d - a potion of haste
 e - 2 potions of magic
 f - 2 potions of berserk rage
 h - 3 potions of mutation {unknown}
 k - a potion of attraction {unknown}
 l - a potion of flight {unknown}
 n - 2 potions of might
Miscellaneous
 o - a tin of tremorstones (2/2)


   Skills:
 + Level 4.4 Fighting
 + Level 5.4 Dodging
 + Level 2.4 Stealth
 + Level 13.1 Unarmed Combat
 + Level 11.0 Spellcasting
 + Level 8.8 Transmutations
 + Level 3.9 Ice Magic
 + Level 1.1 Poison Magic


You had 19 spell levels left.
You knew the following spells:

 Your Spells              Type           Power      Damage    Failure   Level
a - Beastly Appendage     Tmut           68%        N/A       1%          1
b - Wereblood             Tmut           34%        N/A       1%          2
c - Spider Form           Tmut/Pois      23%        N/A       3%          3
d - Ice Form              Ice/Tmut       27%        N/A       6%          4

Your spell library contained the following spells:

 Spells                   Type           Power      Damage    Failure   Level
 Magic Dart               Conj           32%        1d4       9%          1
 Necrotise                Necr           32%        1d5       9%          1
 Call Imp                 Summ           8%         N/A       13%         2
 Mephitic Cloud           Conj/Pois/Air  9%         N/A       22%         3
 Vampiric Draining        Necr           8%         2d6       26%         3
 Agony                    Necr           8%         N/A       94%         5


Dungeon Overview and Level Annotations

Branches:
Dungeon (1/1)

Altars:
Cheibriados
Dithmenos
Elyvilon
Fedhas
Gozag
Hepliaklqana
Kikubaaqudgha
Makhleb
Nemelex Xobeh
Okawaru
Qazlal
Ru
Sif Muna
Trog
Uskayaw
Vehumet
Wu Jian
Xom
Yredelemnul
Zin
The Shining One
Jiyva
Lugonu


Innate Abilities, Weirdness & Mutations

You are a creature of crystalline ice.
You have a powerful freezing melee attack.
You are amphibious.
Your maximum health is increased.
Your armour is entirely melded.
You are incapable of wielding weapons or throwing items.
((You can breathe bolts of dispelling energy.))
((Your rich purple scales are hard. (AC +6)))
You cannot fit into any form of body armour.
((You are cold-blooded and may be slowed by cold attacks.))


Message History

Casting: Wereblood (safe; 1% risk of failure)
Confirm with . or Enter, or press ? or * to list all spells.
You turn into a creature of crystalline ice.
Casting: Ice Form (dangerous; 6% risk of failure)
Confirm with . or Enter, or press ? or * to list all spells.
Your blood is infused with primal strength.
You open the door.
An earth elemental comes into view.
There is an open door here.
You hit the earth elemental but do no damage.
The earth elemental barely misses you.
You hit the earth elemental but do no damage.
You completely miss the earth elemental.
The earth elemental hits you!!
You pummel the earth elemental!!
The earth elemental is moderately damaged.
You hit the earth elemental.
The earth elemental is moderately damaged.
The earth elemental hits you!
You are too injured to fight recklessly!
You are too injured to fight recklessly!
You are too injured to fight recklessly!
You are too injured to fight recklessly!
You are too injured to fight recklessly!
You are too injured to fight recklessly!
You are too injured to fight recklessly!
You are too injured to fight recklessly!
You hit the earth elemental.
The earth elemental is heavily damaged.
You hit the earth elemental.
The earth elemental is heavily damaged.
The earth elemental hits you!!
* * * LOW HITPOINT WARNING * * *
You hit the earth elemental.
The earth elemental is heavily damaged.
You punch the earth elemental!
The earth elemental is severely damaged.
The earth elemental hits you!
You die...
Your body crumbles into a pile of gold.

__#___#__#$$ $ $
).#__)#._#$
#'#'###)## $
.........# $
⌠........#$ $ $ $$
..######'#$ $ $
⌠.#__#...#+#######
..#__#...#..~~~'.#
###__#...#.#§§§#Y#
).#__#...'.#§§§#E#
__#__'...#.#...#..
▓▓▓▓▓▓▓▓▓▓▓▓▓▓▓▓▓▓▓


You could see an earth elemental.

Vanquished Creatures
  Erica (D)
  A deep elf pyromancer (D)
  A shadow (D)
  A spatial vortex (D)
  A necrophage (D)
  A scorpion (D)
  A water elemental (D)
  A jelly (D)
  Jessica (D)
  A wizard (D)
  A necromancer (D)
  3 humans (D)
  A kobold demonologist (D)
  An endoplasm (D)
  A rat (D)
17 creatures vanquished.

Notes
Turn   | Place    | Note
-------+----------+-------------------------------------------
     0 | D        | mhtbhm the Draconian Transmuter began the quest for the
                  | Orb.
     0 | D        | Reached XP level 1. HP: 16/16 MP: 3/3
   107 | D        | Noticed Jessica
   111 | D        | Killed Jessica
   112 | D        | Reached skill level 5 in Unarmed Combat
   112 | D        | Reached XP level 2. HP: 23/23 MP: 3/6
   137 | D        | Learned a level 2 spell: Wereblood
   160 | D        | Reached XP level 3. HP: 12/28 MP: 4/7
   333 | D        | Learned a level 3 spell: Spider Form
   334 | D        | Noticed a scorpion
   341 | D        | Killed a scorpion
   342 | D        | Reached skill level 7 in Unarmed Combat
   342 | D        | Reached XP level 4. HP: 35/35 MP: 5/10
   386 | D        | Learned a level 4 spell: Ice Form
   676 | D        | Noticed a water elemental
   682 | D        | Killed a water elemental
   683 | D        | Reached skill level 5 in Spellcasting
   683 | D        | Reached XP level 5. HP: 30/41 MP: 5/12
   694 | D        | Noticed a shadow
   698 | D        | Killed a shadow
   699 | D        | Reached skill level 9 in Unarmed Combat
   699 | D        | Reached skill level 5 in Transmutations
   699 | D        | Reached skill level 1 in Ice Magic
   699 | D        | Reached XP level 6. HP: 29/50 MP: 8/15
   918 | D        | Found a blossoming altar of Fedhas.
   918 | D        | Found a stormy altar of Qazlal.
   918 | D        | Found a snail-covered altar of Cheibriados.
   918 | D        | Found a burning altar of Makhleb.
   918 | D        | Found a shimmering altar of Xom.
   918 | D        | Noticed a spatial vortex
   919 | D        | Found a hazy altar of Hepliaklqana.
   919 | D        | Found an opulent altar of Gozag.
   919 | D        | Found a sparkling altar of Nemelex Xobeh.
   919 | D        | Found a corrupted altar of Lugonu.
   919 | D        | Found a viscous altar of Jiyva.
   931 | D        | Killed a spatial vortex
   932 | D        | Reached skill level 10 in Unarmed Combat
   937 | D        | Became a worshipper of Gozag Ym Sagoz the Greedy
   953 | D        | Found a shadowy altar of Dithmenos.
   957 | D        | Reached skill level 1 in Stealth
   957 | D        | Your scales start taking on a rich purple colour.
   957 | D        | Reached XP level 7. HP: 57/57 MP: 13/18
   960 | D        | Found a basalt altar of Yredelemnul.
   960 | D        | Found a sacrificial altar of Ru.
  1058 | D        | Found a glowing silver altar of Zin.
  1060 | D        | Found a glowing golden altar of the Shining One.
  1060 | D        | Found a white marble altar of Elyvilon.
  1060 | D        | Noticed a deep elf pyromancer
  1065 | D        | Killed a deep elf pyromancer
  1066 | D        | Reached skill level 5 in Dodging
  1066 | D        | Reached skill level 11 in Unarmed Combat
  1066 | D        | Reached XP level 8. HP: 62/66 MP: 17/21
  1095 | D        | Found a hide-covered altar of Uskayaw.
  1095 | D        | Found an iron altar of Okawaru.
  1096 | D        | Found a bloodstained altar of Trog.
  1096 | D        | Found an ornate altar of the Wu Jian Council.
  1099 | D        | Reached skill level 10 in Spellcasting
  1101 | D        | Reached skill level 12 in Unarmed Combat
  1106 | D        | Found a radiant altar of Vehumet.
  1106 | D        | Found a shimmering blue altar of Sif Muna.
  1106 | D        | Found an ancient bone altar of Kikubaaqudgha.
  1181 | D        | Noticed Erica
  1192 | D        | Killed Erica
  1193 | D        | Reached skill level 13 in Unarmed Combat
  1193 | D        | Reached skill level 1 in Poison Magic
  1318 | D        | Slain by an earth elemental

Illustrated notes

Levels and vault maps discovered:
D:        dungeon_sprint_mu [sprint_mu_entry_forest, sprint_mu_temple_rooms,
          sprint_mu_d1_horrors, sprint_mu_d2_genie, sprint_mu_d3_branching,
          sprint_mu_orc_legion, sprint_mu_elf_gauntlet, sprint_mu_hive_nellie,
          sprint_mu_lair_fedhas, sprint_mu_vaults_butterflies,
          sprint_mu_slime_circle, sprint_mu_shoals_archi,
          sprint_mu_snake_twists, sprint_mu_blade_basic,
          sprint_mu_crypt_chambers, sprint_mu_tomb_spiral,
          sprint_mu_vestibule_basic, sprint_mu_gehenna_hellfire,
          sprint_mu_dis_giant, sprint_mu_tartarus_statrot,
          sprint_mu_cocytus_islands, sprint_mu_zot1]

Skill      XL: |  1  2  3  4  5  6  7  8 |
---------------+-------------------------+-----
Dodging        | 2 3 4 5 |  5.4
Unarmed Combat | 5 7 9 10 11 13 | 13.1
Spellcasting   | 3 4 5 6 8 9 11 | 11.0
Transmutations | 3 4 5 6 7 8 |  8.8
Fighting       | 2 3 4 |  4.4
Ice Magic      | 1 2 3 |  3.9
Stealth        | 1 2 |  2.4
Poison Magic   | 1 |  1.1

Action                   |  1- 3 |  4- 6 |  7- 9 || total
-------------------------+-------+-------+-------++-------
Melee: Unarmed           |    21 |    21 |    33 ||    75
       Kick              |     6 |       |       ||     6
       Headbutt          |     4 |       |       ||     4
       Punch             |     1 |       |       ||     1
 Cast: Beastly Appendage |     3 |       |       ||     3
       Wereblood         |     1 |     3 |     3 ||     7
       Spider Form       |     1 |       |     1 ||     2
       Ice Form          |       |     3 |     3 ||     6
 Stab: Distracted        |       |       |     1 ||     1
Armor: Skin              |     3 |     1 |     2 ||     6
Dodge: Dodged            |     8 |     5 |     4 ||    17

Table legend: (Time is in decaauts)
 A = Elapsed time spent in this place.
 B = Non-inter-level travel time spent in this place.
 C = Inter-level travel time spent in this place.
 D = Time resting spent in this place.
 E = Time spent auto-exploring this place.
 F = Levels seen in this place.
 G = Mean time per level.
                   A        B        C        D        E       F      G
               +--------+--------+--------+--------+--------+-----+--------+
         Total |   1330 |   1330 |      0 |    998 |      0 |   1 | 1330.0 |
       Dungeon |   1330 |   1330 |      0 |    998 |      0 |   1 | 1330.0 |
               +--------+--------+--------+--------+--------+-----+--------+

Top non-repeatable levels by time:
       D: 1330 daAuts
